 Dungeon Crawl Stone Soup version 0.27.1-33-g824d729ab1 (webtiles) character file.

Game seed: 6123689650821459307

110 sking99 the Skirmisher (level 4, 0/37 HPs)
             Began as a Demonspawn Fighter on Dec 10, 2021.
             Slain by a mummy (14 damage)
             ... in an ossuary.
             The game lasted 00:05:34 (3094 turns).

sking99 the Skirmisher (Demonspawn Fighter)         Turns: 3094, Time: 00:05:35

Health: 0/37       AC: 16    Str: 17    XL:     4   Next: 61%
Magic:  4/4        EV:  4    Int: 10    God:
Gold:   55         SH:  9    Dex: 12    Spells: 3/3 levels left

rFire    . . .     SeeInvis .     - Unarmed
rCold    . . .     Faith    .   c - +0 kite shield
rNeg     . . .     Spirit   .   t - +0 chain mail
rPois    .         Reflect  .   j - +0 helmet
rElec    .         Harm     .   (no cloak)
rCorr    .         Rampage  .   (no gloves)
Will     .....                  (no boots)
Stlth    ..........             (no amulet)
HPRegen  0.12/turn              r - +4 ring of protection
MPRegen  0.09/turn              (no ring)

@: no status effects
A: claws 1, molten scales 1, ignite blood 1
a: no special abilities


You were in an ossuary.
You visited 1 branch of the dungeon, and saw 4 of its levels.
You also visited: Ossuary.

You collected 55 gold pieces.

Inventory:

Armour
 c - a +0 kite shield (worn)
 j - a +0 helmet (worn)
 t - a +0 chain mail (worn)
Jewellery
 r - a +4 ring of protection (left claw)
Wands
 p - a wand of iceblast (7)
Scrolls
 a - a scroll of teleportation
 g - a scroll of immolation
Potions
 d - 2 potions of might
 h - a potion of lignification
 i - a potion of berserk rage
 k - a potion of magic
 l - a potion of invisibility
 n - a potion of heal wounds {unknown}
 o - 2 potions of curing


   Skills:
 + Level 3.7 Fighting
 - Level 2.1 Axes
 - Level 2.8 Armour
 + Level 3.3 Shields
 * Level 2.3 Unarmed Combat


You had 3 spell levels left.
You didn't know any spells.
Your spell library contained the following spells:

 Spells                   Type           Power      Damage    Failure   Level
 Ensorcelled Hibernation  Hex/Ice        0%         N/A       100%        2
 Spider Form              Tmut/Pois      0%         N/A       100%        3
 Shadow Creatures         Summ           N/A        N/A       100%        6


Dungeon Overview and Level Annotations

Branches:
Dungeon (4/15)            Ossuary (1/1)
 Temple: D:4-7

Altars:
Wu Jian

Annotations:
D:2 1 runed translucent door, Crazy Yiuf


Innate Abilities, Weirdness & Mutations

You have sharp fingernails.
You are partially covered in molten scales. (AC +2)
Your demonic aura sometimes causes spilled blood to erupt in flames.


Message History

The centaur zombie is engulfed in blazing flames.
You destroy the centaur zombie!
You closely miss the elf zombie. You block the elf zombie's attack.
You closely miss the elf zombie. The elf zombie completely misses you.
You scratch the elf zombie.
The elf zombie is lightly damaged.
The elf zombie hits you but does no damage.
You scratch the elf zombie.
The elf zombie is lightly damaged.
You block the elf zombie's attack.
You scratch the elf zombie.
The elf zombie is lightly damaged.
Your shield prevents you from hitting the mummy.
You scratch the mummy but do no damage. You scratch the mummy but do no damage.
The mummy hits you.
Your shield and chain mail prevent you from hitting the mummy.
The mummy hits you.
You barely miss the mummy. The mummy hits you!
You barely miss the mummy. You completely miss the mummy.
The mummy hits you but does no damage.
You scratch the mummy.
The mummy is lightly damaged.
You scratch the mummy.
The mummy is moderately damaged.
You block the mummy's attack.
You completely miss the mummy.
The mummy is moderately damaged.
The mummy hits you but does no damage.
You scratch the mummy.
The mummy is heavily damaged.
The mummy hits you but does no damage.
You scratch the mummy but do no damage.
The mummy is heavily damaged.
You scratch the mummy.
The mummy is heavily damaged.
The mummy barely misses you.
You scratch the mummy but do no damage.
The mummy is heavily damaged.
The mummy hits you!
You die...

### ###.###
##.....##
#.......#
#.......#
#.......#
#.ZZZ.# #M#
#@# ###.###
##.....##
#.......#
##...∩...##
+...∩∩∩...+
##...∩...##
#.......#
##.....##


You could see a mummy, an elf zombie and 2 human zombies.

Vanquished Creatures
  A centaur zombie (Ossuary)
  An orc wizard (D:3)
  An adder (D:3)
  A dart slug (D:1)
  4 orcs (D:3)
  3 endoplasms
  A giant cockroach (D:2)
  3 hobgoblins
  4 jackals (D:2)
  4 kobolds
  3 quokkas
  5 ball pythons (D:1)
  2 bats
  A frilled lizard (D:2)
  A goblin (D:2)
  4 rats
39 creatures vanquished.

Notes
Turn   | Place    | Note
-------+----------+-------------------------------------------
     0 | D:1      | sking99 the Demonspawn Fighter began the quest for the Orb.
     0 | D:1      | Reached XP level 1. HP: 18/18 MP: 1/1
   119 | D:1      | Gained mutation: You have sharp fingernails. [demonic
                  | ancestry]
   119 | D:1      | Reached XP level 2. HP: 24/24 MP: 2/2
  1340 | D:2      | Found a runed translucent door.
  1341 | D:2      | Noticed Crazy Yiuf
  1486 | D:2      | Reached skill level 1 in Unarmed Combat
  2195 | D:3      | Gained mutation: Your demonic aura sometimes causes spilled
                  | blood to erupt in flames. [demonic ancestry]
  2195 | D:3      | Reached XP level 3. HP: 26/29 MP: 3/3
  2318 | D:3      | Found an ornate altar of the Wu Jian Council.
  2498 | D:3      | Gained mutation: You are partially covered in molten
                  | scales. (AC +2) [demonic ancestry]
  2498 | D:3      | Reached XP level 4. HP: 33/35 MP: 4/4
  3059 | D:4      | Found a sand-covered staircase.
  3063 | Ossuary  | Entered an ossuary
  3094 | Ossuary  | Slain by a mummy

Illustrated notes

Levels and vault maps discovered:
D:1:      dpeg_arrival_stonehenge_8_columns, layout_basic,
          minmay_indecisive_spiral
D:2:      layout_loops_ring, uniq_crazy_yiuf_cottage
D:3:      layout_loops_corners, nzn_wu_jian_contemplation
D:4:      minmay_angry_zag, layout_cave_pools,
          nicolae_ossuary_entry_false_entrances
Ossuary:  ossuary_minmay_four_chambers

Skill      XL: |  1  2  3  4 |
---------------+-------------+-----
Axes           | 2 |  2.1
Unarmed Combat | 1 2 |  2.3
Shields        | 3 |  3.3
Fighting       | |  3.7
Armour         | |  2.8

Action                   |  1- 3 |  4- 6 || total
-------------------------+-------+-------++-------
Melee: War axe           |    13 |       ||    13
       Unarmed           |   145 |    49 ||   194
  Use: Scroll            |       |    11 ||    11
Armor: Scale mail        |    67 |     8 ||    75
       Chain mail        |       |     9 ||     9
Dodge: Dodged            |    40 |     7 ||    47
Block: Kite shield       |    78 |    19 ||    97
